 Dungeon Crawl Stone Soup version 0.21-a0-528-gf531e82 (webtiles) character file.

69 sighowe the Poker (level 4, 35/35 HPs)
             Began as a Demonspawn Gladiator on Dec 9, 2017.
             Quit the game on level 3 of the Dungeon on Dec 10, 2017.
             The game lasted 00:08:13 (1892 turns).

sighowe the Poker (Demonspawn Gladiator)            Turns: 1892, Time: 00:08:13

Health: 35/35      AC:  8    Str: 16    XL:     4   Next: 2%
Magic:  4/4        EV: 12    Int:  9    God:
Gold:   109        SH:  0    Dex: 14    Spells: 3/3 levels left

rFire    . . .     SeeInvis .   a - +1 trident
rCold    . . .     Gourm    .   (no shield)
rNeg     . . .     Faith    .   k - +1 ring mail
rPois    .         Spirit   .   c - +0 helmet
rElec    .         Reflect  .   (no cloak)
rCorr    .         Harm     .   (no gloves)
MR       .....                  (no boots)
Stlth    +.........             (no amulet)
HPRegen  0.11/turn              (no ring)
MPRegen  0.09/turn              (no ring)

@: no status effects
A: talons 1, rugged brown scales 1
a: no special abilities


You were on level 3 of the Dungeon.
You were not hungry.

You visited 1 branch of the dungeon, and saw 3 of its levels.

You collected 109 gold pieces.

Inventory:

Hand Weapons
 a - a +1 trident (weapon)
Missiles
 d - a throwing net (quivered)
 h - 4 javelins of returning
 l - 2 javelins
Armour
 b - a +0 leather armour
 c - a +0 helmet (worn)
 k - a +1 ring mail (worn)
Scrolls
 g - 3 scrolls of remove curse
 m - a scroll of teleportation {unknown}
 n - a scroll of identify
Potions
 e - a potion of haste
 o - a potion of mutation {unknown}
Comestibles
 f - a bread ration
 i - a meat ration
 j - 2 royal jellies


   Skills:
 + Level 2.4 Fighting
 + Level 3.6 Polearms
 * Level 1.9 Throwing
 + Level 0.5 Armour
 + Level 3.1 Dodging
 + Level 0.2 Stealth


You had 3 spell levels left.
You didn't know any spells.

Dungeon Overview and Level Annotations

Branches:
Dungeon (3/15)

Altars:
Yredelemnul


Innate Abilities, Weirdness & Mutations

You have sharp toenails.
You are partially covered in rugged brown scales. (AC +1, +3% HP)


Message History

(D) Dungeon
Where to? (Enter - D:2, ? - help)
There is a stone staircase leading down here.
You climb downwards.
There is a stone staircase leading up here.
Welcome back, sighowe the Demonspawn Gladiator.
Press ? for a list of commands and other information.
Unknown command.
An adder comes into view.
An adder is nearby!
The adder hisses angrily.
Attack whom?
Press: ? - help, Dir - move target cursor, f - adder
Aim: an adder You reach to attack!
You puncture the adder!
The adder is severely wounded.
Unknown command.
Quiver which item? (- for none, * to show all) (? for menu, Esc to quit)
Okay, then.
Are you sure you want to abandon this character and quit the game? (Confirm with "yes".)

.# # .# .#.#
###..# #
##.#..#
#.##.....#####
+.............
#..@S####
#.......#
#$##.##.# #.
#.##.# #.
#..#.# #.
##.#.#
#.###.#.#
#.......#
#####.###


You could see an adder.

Vanquished Creatures
  An adder (D:2)
  2 oozes
  2 dart slugs
  6 bats
  3 giant cockroaches
  3 goblins
  7 hobgoblins
  3 jackals (D:1)
  2 quokkas (D:2)
  A ball python (D:1)
  5 kobolds
  8 rats
43 creatures vanquished.

Notes
Turn   | Place    | Note
-------+----------+-------------------------------------------
     0 | D:1      | sighowe the Demonspawn Gladiator began the quest for the Orb.
     0 | D:1      | Reached XP level 1. HP: 16/16 MP: 1/1
   162 | D:1      | Gained mutation: You are partially covered in rugged brown scales. (AC +1, +3% HP) [demonic ancestry]
   162 | D:1      | Reached XP level 2. HP: 9/22 MP: 2/2
  1140 | D:2      | Reached XP level 3. HP: 28/28 MP: 3/3
  1468 | D:2      | Found a basalt altar of Yredelemnul.
  1699 | D:2      | Gained mutation: You have sharp toenails. [demonic ancestry]
  1699 | D:2      | Reached XP level 4. HP: 33/35 MP: 4/4
  1892 | D:3      | Quit the game

Vault maps used:
D:1:      dpeg_arrival_chambers_temple_mockup, minmay_misc_feat_doors,
          glass_columns_a
D:2:      lemuel_round_altar

Skill      XL: |  1  2 |
---------------+-------+-----
Dodging        | 3 |  3.1
Polearms       | 3 |  3.6
Fighting       | |  2.4
Throwing       | |  1.9
Armour         | |  0.5
Stealth        | |  0.2

Action                   |  1- 3 |  4- 6 || total
-------------------------+-------+-------++-------
Melee: Trident           |   114 |     2 ||   116
       Kick              |       |     1 ||     1
Throw: Throwing net      |     4 |       ||     4
  Use: Scroll            |     7 |       ||     7
       Potion            |     1 |       ||     1
 Stab: Held in net/web   |     1 |       ||     1
  Eat: Bread ration      |     1 |       ||     1
Armor: Leather armour    |    17 |       ||    17
       Ring mail         |    25 |     1 ||    26
Dodge: Dodged            |    59 |     1 ||    60

Table legend:
 A = Spawn XP
 B = Non-spawn XP
 C = Spawn XP percentage of total XP
 D = Spawn monster count
 E = Non-spawn monster count
 F = Spawn count percentage of total count
 G = Total turns spent on level
                    A         B        C        D         E        F      G
               +---------+---------+-------+---------+---------+-------+---------
         Total |       0 |      99 |   0.0 |       0 |      43 |   0.0 |  1892
               +---------+---------+-------+---------+---------+-------+---------
           D:1 |       0 |      40 |   0.0 |       0 |      19 |   0.0 |  1097
           D:2 |       0 |      59 |   0.0 |       0 |      24 |   0.0 |   781
               +---------+---------+-------+---------+---------+-------+---------
